AoeStats
← andrewthegamer

Black Forest

504704416Analyzed
4v4 RM · 25d ago on Sep 6, 2026· 85m 14s· 8 players
Game mode
Random Map
Map size
Large (8 player)
Population
200
Speed
Normal
Resources
Standard
Victory
Conquest
Starting age
Dark Age
Ending age
Imperial Age
RankedLock teamsTeams togetherTeam positionsShared explorationLock speedFull tech treeHidden civsTurbo modeCheats
Victory
Defeat
🇷🇴 Japanese · Romania
920
+15
🇨🇳 Spanish · China
868
+17
🇨🇳 Byzantines · China
853
+18
🇷🇴 Lithuanians · Romania
827
+19
930
-20
🇨🇳 Spanish · China
920
-18
🇨🇳 Poles · China
918
-18
🇧🇷 Khmer · Brazil
800
-13
TheOther
1:18 Loom
10:30 Feudal Age
11:55 Wheelbarrow
11:07 Double-Bit Axe
13:16 Horse Collar
17:44 Fletching
18:25 Town Watch
21:57 Castle Age
20:13 Scale Mail Armor
20:41 Forging
20:26 Gold Mining
20:29 Stone Mining
23:47 Pikeman
24:29 Squires
25:30 Arson
26:16 Bow Saw
28:10 Gold Shaft Mining
27:53 Caravan
28:15 Chain Mail Armor
30:05 Guard Tower
30:40 Elite Skirmisher
31:54 Bodkin Arrow
35:27 Imperial Age
33:32 Fortified Wall
33:46 Ballistics
34:23 Thumb Ring
34:43 Treadmill Crane
35:17 Masonry
36:11 Yasama
37:27 Bracer
38:06 Heavy Plow
39:33 Conscription
40:00 Iron Casting
40:44 Chemistry
41:54 Keep
41:05 Arrowslits
42:49 Blast Furnace
43:21 Plate Mail Armor
44:03 Kataparuto
43:56 Onager
44:13 Elite Samurai
51:48 Halberdier
63:50 Hand Cart
65:02 Two-Man Saw
andrewthegamer
0:40 Loom
10:55 Feudal Age
11:27 Double-Bit Axe
11:26 Horse Collar
20:07 Castle Age
19:45 Gold Mining
21:09 Bow Saw
21:02 Heavy Plow
23:07 Stone Mining
25:05 Stone Shaft Mining
25:13 Fortified Wall
24:45 Treadmill Crane
25:55 Wheelbarrow
25:05 Town Watch
25:52 Caravan
26:18 Forging
26:09 Scale Mail Armor
26:19 Squires
26:05 Arson
25:41 Man-at-Arms
28:42 Hand Cart
29:56 Iron Casting
30:12 Town Patrol
33:39 Imperial Age
32:41 Long Swordsman
34:14 Scale Barding Armor
34:01 Fletching
34:59 Crop Rotation
34:50 Guilds
35:22 Chain Barding Armor
35:27 Ballistics
36:08 Chemistry
35:05 Murder Holes
35:46 Husbandry
35:59 Bloodlines
35:52 Bodkin Arrow
36:58 Conscription
35:59 Elite Leitis
38:23 Plate Barding Armor
37:49 Bracer
38:07 Chain Mail Armor
38:58 Hoardings
37:58 Capped Ram
39:43 Pikeman
40:18 Halberdier
45:42 Tower Shields
48:55 Coinage
49:34 Bombard Tower
54:05 Banking
53:47 Masonry
Noob
0:59 Loom
14:49 Feudal Age
20:47 Castle Age
19:29 Double-Bit Axe
19:30 Horse Collar
24:36 Wheelbarrow
26:29 Hand Cart
28:11 Caravan
33:02 Imperial Age
31:20 Bow Saw
31:15 Heavy Plow
31:26 Gold Mining
33:16 Fortified Wall
35:02 Chemistry
34:37 Forging
34:33 Scale Barding Armor
35:39 Pikeman
36:22 Squires
36:24 Halberdier
37:38 Scale Mail Armor
38:14 Iron Casting
38:56 Chain Mail Armor
39:23 Conscription
40:23 Gold Shaft Mining
41:27 Chain Barding Armor
41:38 Plate Mail Armor
41:52 Husbandry
42:17 Logistica
41:28 Elite Cataphract
42:59 Ballistics
47:02 Heavy Camel Rider
49:00 Plate Barding Armor
52:04 Fletching
52:14 Padded Archer Armor
57:19 Crop Rotation
57:53 Two-Man Saw
58:15 Arson
雷欧
0:33 Loom
11:30 Feudal Age
16:29 Castle Age
14:27 Horse Collar
14:59 Double-Bit Axe
18:02 Stone Mining
18:01 Fishing Lines
19:40 Gold Mining
22:34 Bow Saw
23:04 Scale Barding Armor
23:00 Padded Archer Armor
23:45 Fletching
28:26 Imperial Age
26:37 Heavy Plow
26:48 Bodkin Arrow
27:03 Forging
29:16 Stone Shaft Mining
30:32 Conscription
32:28 Inquisition
35:53 Chain Barding Armor
35:33 Bracer
35:50 Leather Archer Armor
35:46 Forging
36:20 Supremacy
44:26 Plate Barding Armor
44:21 Ring Archer Armor
44:29 Iron Casting
51:31 Blast Furnace
54:12 Gillnets
57:42 Caravan
65:20 Chemistry
64:40 Ballistics
64:35 Masonry
70:21 Devotion
74:01 Two-Man Saw
83:36 Architecture
84:45 Guilds
84:43 Murder Holes
85:00 Fortified Wall
85:11 Bombard Tower
84:43 Guard Tower
84:39 Arrowslits
MylordSoares
2:08 Loom
15:14 Feudal Age
16:45 Arson
22:19 Castle Age
20:36 Double-Bit Axe
20:33 Horse Collar
22:08 Gold Mining
23:40 Pikeman
35:07 Caravan
35:27 Bow Saw
37:57 Heavy Plow
39:03 Gold Shaft Mining
38:19 Stone Mining
44:48 Imperial Age
43:31 Murder Holes
43:47 Fortified Wall
44:58 Stone Shaft Mining
47:22 Chemistry
46:41 Forging
46:32 Scale Mail Armor
46:37 Scale Barding Armor
46:39 Light Cavalry
47:30 Bloodlines
47:20 Husbandry
48:34 Hussar
51:21 Heavy Scorpion
53:57 Double Crossbow
林
10:43 Feudal Age
14:56 Castle Age
13:35 Double-Bit Axe
24:28 Horse Collar
25:18 Gold Mining
25:18 Stone Mining
27:32 Wheelbarrow
27:20 Heavy Plow
27:11 Loom
30:16 Imperial Age
28:39 Szlachta Privileges
29:11 Hand Cart
30:14 Scale Barding Armor
30:19 Forging
30:27 Stone Mining
30:27 Cavalier
31:07 Husbandry
31:17 Bloodlines
30:28 Light Cavalry
31:32 Conscription
31:41 Chain Barding Armor
33:13 Stone Shaft Mining
34:29 Lechitic Legacy
33:48 Winged Hussar
35:49 Caravan
36:44 Hoardings
35:39 Sappers
37:27 Crop Rotation
37:55 Iron Casting
39:54 Blast Furnace
39:35 Town Watch
40:21 Bow Saw
51:45 Elite Obuch
53:11 Sappers
55:40 Scale Mail Armor
55:40 Padded Archer Armor
55:31 Fletching
57:29 Town Patrol
63:44 Chemistry
63:05 Ballistics
62:35 Guard Tower
62:31 Arrowslits
62:27 Treadmill Crane
蝎子莱莱爱喝酒
12:13 Feudal Age
13:49 Double-Bit Axe
14:14 Horse Collar
18:18 Stone Mining
21:01 Castle Age
21:33 Forging
22:08 Bloodlines
24:12 Fletching
24:27 Husbandry
24:50 Bow Saw
26:51 Stone Shaft Mining
26:19 Treadmill Crane
27:01 Masonry
26:51 Gold Mining
28:02 Heavy Plow
29:39 Wheelbarrow
29:18 Bodkin Arrow
30:29 Padded Archer Armor
30:11 Elite Skirmisher
32:08 Leather Archer Armor
34:43 Hand Cart
34:38 Fortified Bastions
34:32 Light Cavalry
35:53 Iron Casting
37:04 Scale Barding Armor
38:14 Gold Shaft Mining
42:41 Caravan
46:16 Imperial Age
43:36 Town Watch
43:39 Loom
46:54 Elite Iron Pagoda
50:53 Blast Furnace
50:13 Chain Barding Armor
53:01 Thunderclap Bombs
54:10 Plate Barding Armor
53:39 Bracer
56:45 Two-Man Saw
67:12 Coinage
66:53 Guilds
最好的坤坤
11:30 Feudal Age
16:05 Castle Age
13:54 Double-Bit Axe
14:40 Horse Collar
22:52 Bow Saw
26:10 Heavy Plow
27:09 Gold Mining
27:51 Stone Mining
28:38 Wheelbarrow
31:45 Imperial Age
29:51 Hand Cart
31:26 Stone Shaft Mining
31:17 Loom
31:17 Town Watch
35:45 Conscription
40:57 Two-Man Saw
39:30 Elite Conquistador
43:35 Fletching
43:46 Padded Archer Armor
46:09 Leather Archer Armor
45:49 Bodkin Arrow
46:16 Ballistics
46:59 Chemistry
46:49 Caravan
47:00 Guilds
47:55 Bracer
48:26 Ring Archer Armor
52:25 Coinage
55:02 Banking
Connection lost

Rejoining the realm…

Still unreachable

The connection could not be restored.

Session expired

The server has moved on; the page needs a fresh start.